 Dungeon Crawl Stone Soup version 0.28.0-53-g5a82cb258f (webtiles) character file.

Game seed: 11819503602972146048

50 Sin92 the Skirmisher (level 3, -3/29 HPs)
             Began as a Demonspawn Fighter on June 27, 2022.
             Killed from afar by Sigmund (6 damage)
             ... with a magic dart
             ... on level 2 of the Dungeon.
             The game lasted 00:01:38 (1569 turns).

Sin92 the Skirmisher (Demonspawn Fighter)           Turns: 1569, Time: 00:01:38

Health: -3/29      AC:  8    Str: 18    XL:     3   Next: 55%
Magic:  3/3        EV: 11    Int:  9    God:
Gold:   104        SH:  4    Dex: 12    Spells: 2/2 levels left

rFire   . . .      SeeInvis .   a - +0 flail
rCold   . . .      Faith    +   c - +0 buckler
rNeg    . . .      Spirit   .   b - +0 scale mail
rPois   .          Reflect  .   d - +1 helmet
rElec   .          Harm     .   (no cloak)
rCorr   .          Rampage  .   (no gloves)
Will    .....                   (no boots)
Stlth   ..........              g - amulet of faith
HPRegen 0.09/turn               (no ring)
MPRegen 0.08/turn               (no ring)

@: no status effects
A: repulsion field 1, foul stench 1
a: no special abilities


You were on level 2 of the Dungeon.
You visited 1 branch of the dungeon, and saw 2 of its levels.

You collected 104 gold pieces.

Inventory:

Hand Weapons
 a - a +0 flail (weapon)
Armour
 b - a +0 scale mail (worn)
 c - a +0 buckler (worn)
 d - a +1 helmet (worn)
Jewellery
 g - an amulet of faith (around neck)
Potions
 e - a potion of curing
 f - a potion of flight


   Skills:
 + Level 3.2 Fighting
 * Level 2.5 Maces & Flails
 + Level 3.0 Armour
 + Level 1.0 Dodging
 + Level 2.9 Shields


You had 2 spell levels left.
You didn't know any spells.
Your spell library was empty.

Dungeon Overview and Level Annotations

Branches:
Dungeon (2/15)

Altars:

Annotations:
D:2 Sigmund


Innate Abilities, Weirdness & Mutations

You are surrounded by a mild repulsion field. (EV +2)
You may rarely emit foul miasma when damaged in melee.


Message History

There are monsters nearby!
You closely miss Sigmund. Sigmund hits you with a +0 scythe!
The worm closely misses you.
Unknown command.
There are monsters nearby!
You barely miss Sigmund.
Sigmund laughs darkly.
Sigmund barely misses you. The worm bites you.
You are too injured to fight recklessly!
You aren't carrying any scrolls.
It was a potion of curing.
You feel better. Sigmund hits you with a +0 scythe!
The worm closely misses you.
You sock Sigmund!
Sigmund is moderately wounded.
Sigmund completely misses you.
You sock Sigmund!
Sigmund is heavily wounded.
The worm barely misses you.
Sigmund mumbles some strange words.
Sigmund flickers and vanishes!
Deactivating autopickup; reactivate with Ctrl-A.
You barely miss something. The worm bites you but does no damage.
Something completely misses you.
You hit something but do no damage. The worm barely misses you.
Something hits you but does no damage.
You miss something. Something hits you. The worm bites you but does no damage.
You closely miss something.
Unknown command.
You miss something. Something hits you.
* * * LOW HITPOINT WARNING * * *
The worm bites you.
* * * LOW HITPOINT WARNING * * *
You hit something but do no damage. Something hits you but does no damage.
The worm bites you.
* * * LOW HITPOINT WARNING * * *
You miss something.
You hear some strange, mumbled words.
A magic dart appears from out of thin air!
The magic dart hits you.
You die...

############
#........... ####
#.########.# . ..# #.#
###.## .<## #.# #.#
#..## .#...
##.####.#####.#.##
......#..............#.#
...>.g{@................
......w....##.#####.###.
##...#.....##.# #.# #.
##. ##...###.# #.# #. ..
###.# #.#####.###. ##
#.# #........... #.#
#########.## #.# #.# ###


You could see a worm and a hobgoblin.

Vanquished Creatures
  Robin (D:2)
  An adder (D:2)
  A ball python (D:1)
  2 giant cockroaches (D:1)
  11 goblins
  3 hobgoblins
  3 jackals (D:1)
  A kobold (D:2)
  2 quokkas (D:1)
  A bat (D:2)
  2 frilled lizards
  A rat (D:2)
29 creatures vanquished.

Notes
Turn   | Place    | Note
-------+----------+-------------------------------------------
     0 | D:1      | Sin92 the Demonspawn Fighter began the quest for the Orb.
     0 | D:1      | Reached XP level 1. HP: 18/18 MP: 1/1
   166 | D:1      | Gained mutation: You are surrounded by a mild repulsion
                  | field. (EV +2) [demonic ancestry]
   166 | D:1      | Reached XP level 2. HP: 11/24 MP: 2/2
  1059 | D:2      | Gained mutation: You may rarely emit foul miasma when
                  | damaged in melee. [demonic ancestry]
  1059 | D:2      | Reached XP level 3. HP: 29/29 MP: 3/3
  1203 | D:2      | Noticed Robin
  1224 | D:2      | Killed Robin
  1225 | D:2      | Reached skill level 1 in Dodging
  1553 | D:2      | Noticed Sigmund
  1569 | D:2      | Killed from afar by Sigmund

Illustrated notes

Levels and vault maps discovered:
D:1:      kennysheep_arrival_seaside, layout_rooms, kennysheep_boxes
D:2:      layout_loops_ring, ebering_ecumenical_altar_webs,
          kennysheep_cross_room, uniq_robin, uniq_sigmund

Skill      XL: |  1  2  3 |
---------------+----------+-----
Maces & Flails | 2 |  2.5
Armour         | 3 |  3.0
Dodging        | 1 |  1.0
Fighting       | |  3.2
Shields        | |  2.9

Action                   || total
-------------------------++-------
Melee: Flail             ||   118
  Use: Scroll            ||     3
       Potion            ||     2
Armor: Scale mail        ||    74
Dodge: Dodged            ||    74
Block: Buckler           ||    28
